 Dungeon Crawl Stone Soup version 0.19-a0-36-g4a0968a (webtiles) character file.

396 Zhenya25pyc the Cudgeler (level 6, -3/39 HPs)
             Began as a Gargoyle Fighter on May 4, 2016.
             Slain by Sl000nik's ghost (8 damage)
             ... on level 4 of the Dungeon.
             The game lasted 00:07:17 (3287 turns).

Zhenya25pyc the Cudgeler (Gargoyle Fighter)         Turns: 3287, Time: 00:07:18

Health: -3/39      AC: 12    Str: 20    XL:     6   Next: 82%
Magic:  6/6        EV:  5    Int:  9    God:
Gold:   171        SH: 13    Dex: 10    Spells: 0 memorised, 5 levels left

rFire  + . .     SeeInvis .     a - +0 flail
rCold  . . .     Gourm    .     b - +0 scale mail
rNeg   + . .     Faith    .     E - +0 large shield
rPois  ∞         Spirit   .     y - +0 helmet
rElec  +         Dismiss  .     (no cloak)
rCorr  .         Reflect  .     (no gloves)
SustAt .         Harm     .     (no boots)
MR     .....                    (no amulet)
Stlth  ..........               (no ring)
                                e - ring of protection from fire

@: not resistant to hostile enchantments, extremely unstealthy
A: negative energy resistance 1, electricity resistance, unbreathing,
petrification resistance, rot immunity, AC +4
a: no special abilities


You were on level 4 of the Dungeon.
You were hungry.

You visited 1 branch of the dungeon, and saw 4 of its levels.
You also visited: Sewer.

You collected 171 gold pieces.

Inventory:

Hand Weapons
 a - a +0 flail (weapon)
Armour
 b - a +0 scale mail (worn)
 y - a +0 helmet (worn)
 E - a +0 large shield (worn)
Jewellery
 e - a ring of protection from fire (left hand)
Scrolls
 i - 4 scrolls of remove curse {unknown}
 j - 4 scrolls of identify {unknown}
 m - 2 scrolls of fog {unknown}
 o - 2 scrolls of fear {unknown}
 r - a scroll of teleportation {unknown}
 s - a scroll of amnesia {unknown}
 t - a scroll of noise {unknown}
 v - 2 scrolls of recharging {unknown}
 w - a scroll of random uselessness {unknown}
 x - a scroll of magic mapping {unknown}
Potions
 d - 4 potions of might
 g - 5 potions of haste {unknown}
 h - 2 potions of cancellation {unknown}
 k - 4 potions of flight {unknown}
 n - 2 potions of degeneration {unknown}
 p - 3 potions of heal wounds {unknown}
 u - 2 potions of resistance {unknown}
 z - 2 potions of magic {unknown}
 A - a potion of berserk rage {unknown}
 B - 2 potions of curing {unknown}
Comestibles
 f - 5 bread rations
 l - a royal jelly
 q - 4 fruits
 C - a slice of pizza
 D - 2 meat rations


   Skills:
 + Level 4.6 Fighting
 * Level 5.3 Maces & Flails
 + Level 5.0 Armour
 - Level 3.2 Shields


You had 5 spell levels left.
You didn't know any spells.

Dungeon Overview and Level Annotations

Branches:
Dungeon (4/15)
 Temple: D:4-7

Altars:
Dithmenos
Fedhas
Kikubaaqudgha
Makhleb
Pakellas
Qazlal
The Shining One

Annotations:
D:4 Sl000nik's ghost, amateur GrFi


Innate Abilities, Weirdness & Mutations

You are resistant to torment.
Your stone body is resilient (AC +4).
You are immune to poison.
You resist negative energy.
You are resistant to electric shocks.
You can survive without breathing.
You are immune to petrification.
You are immune to rotting.


Message History

You closely miss Sl000nik's ghost.
Sl000nik's ghost is lightly damaged.
Sl000nik's ghost hits you but does no damage.
You hit Sl000nik's ghost but do no damage.
Sl000nik's ghost is lightly damaged.
You block Sl000nik's ghost's attack. Sl000nik's ghost hits you!
* * * LOW HITPOINT WARNING * * *
You are too injured to fight recklessly!
You are too injured to fight recklessly!
You are too injured to fight recklessly!
You are too injured to fight recklessly!
You are too injured to fight recklessly!
You are too injured to fight recklessly!
You are too injured to fight recklessly!
You are too injured to fight recklessly!
You are too injured to fight recklessly!
You hit Sl000nik's ghost.
Sl000nik's ghost is lightly damaged.
Sl000nik's ghost hits you!
You die...

..# #...##### #.........#..#####
#.# ##.#....#............##.....#
#.###....##...........#..######.#
#.#..._.....#.............## #.#
#..._..._..................# ##.#
##................###...#...##...
..._..⌠.._......#.# #.#.#.#(##.#.
...............##.###.#.#.#....#.
##.._††._......W@.....#.#.#...##.
#............###......>.........
###.............................
##..............##.............
#....................##........
.....##<.....#.##......##........
...###.................##........
..####....##....#÷.....##........
........#######........##...†....


You could see Sl000nik's ghost.

Vanquished Creatures
  Sigmund (D:3)
  Jessica (D:3)
  An iguana (D:4)
  Robin (D:3)
  2 river rats (Sewer)
  7 adders
  2 worms
  A dart slug (D:3)
  5 giant geckos
  5 ball pythons
  13 bats
  8 giant cockroaches
  12 goblins
  6 hobgoblins
  A quokka (D:3)
  15 giant newts
  6 kobolds
  2 quokka skeletons (D:4)
  10 rats
  A plant (D:1)
100 creatures vanquished.

Notes
Turn   | Place    | Note
--------------------------------------------------------------
     0 | D:1      | Zhenya25pyc the Gargoyle Fighter began the quest for the Orb.
     0 | D:1      | Reached XP level 1. HP: 14/14 MP: 1/1
    89 | D:1      | Reached XP level 2. HP: 14/19 MP: 2/2
   617 | D:2      | Reached XP level 3. HP: 20/23 MP: 3/3
  1337 | D:3      | Found a glowing drain.
  1355 | D:3      | Reached XP level 4. HP: 19/29 MP: 4/4
  1439 | Sewer    | Entered a sewer
  2086 | D:3      | Noticed Sigmund
  2104 | D:3      | Killed Sigmund
  2104 | D:3      | Reached XP level 5. HP: 3/34 MP: 5/5
  2104 | D:3      | Reached XP level 6. HP: 4/39 MP: 6/6
  2465 | D:3      | Found a burning altar of Makhleb.
  2595 | D:3      | Noticed Jessica
  2600 | D:3      | Killed Jessica
  2710 | D:3      | Noticed Robin
  2725 | D:3      | Killed Robin
  2725 | D:3      | Reached skill level 5 in Maces & Flails
  2984 | D:4      | Found an oddly glowing altar of Pakellas.
  2985 | D:4      | Found an ancient bone altar of Kikubaaqudgha.
  2987 | D:4      | Found a glowing golden altar of the Shining One.
  2987 | D:4      | Found a shadowy altar of Dithmenos.
  2987 | D:4      | Found a burning altar of Makhleb.
  2988 | D:4      | Found a stormy altar of Qazlal.
  2988 | D:4      | Found a blossoming altar of Fedhas.
  3031 | D:4      | Reached skill level 5 in Armour
  3270 | D:4      | Noticed Sl000nik's ghost (amateur GrFi)
  3287 | D:4      | Slain by Sl000nik's ghost

Vault maps used:
D:1:      shiori_arrival_maze, serial_corexii_hall, corexii_hall_statues_x,
          corexii_hall_statues_x, minmay_shallow_snake_nest
D:2:      first_bread, minmay_stone_trees_small, nrook_mini_vaults
D:3:      gup_sewer_entry_pipe, bloody_makhleb, uniq_robin, uniq_jessica,
          uniq_sigmund
D:4:      grunt_temple_overflow_open
Sewer:    sewer_co_cracked_pipes

Skill      XL: |  1  2  3  4  5  6 |
---------------+-------------------+-----
Maces & Flails | 3 4 5 |  5.3
Armour         | 4 5 |  5.0
Fighting       | 4 |  4.6
Shields        | |  3.2

Action                   |  1- 3 |  4- 6 || total
-------------------------+-------+-------++-------
Melee: Flail             |   177 |   271 ||   448
  Eat: Chunk             |     1 |     7 ||     8
Armor: Scale mail        |   107 |   146 ||   253
Dodge: Dodged            |    64 |    74 ||   138
Block: Shield            |   102 |   124 ||   226
       Large shield      |       |     6 ||     6
